 Dungeon Crawl Stone Soup version 0.25-a0-280-gfa4545f159 (webtiles) character file.

Game seed: 12400641814666120589, levelgen mode: deterministic

77 MisterFreud the Twirler (level 4, -3/34 HPs)
             Began as a Human Wanderer on Dec 10, 2019.
             Killed from afar by an orc wizard (9 damage)
             ... with a magic dart
             ... on level 3 of the Dungeon.
             The game lasted 00:05:34 (1972 turns).

MisterFreud the Twirler (Human Wanderer)            Turns: 1972, Time: 00:05:35

Health: -3/34      AC:  2    Str: 18    XL:     4   Next: 58%
Magic:  7/7        EV: 11    Int: 14    God:
Gold:   114        SH:  0    Dex: 11    Spells: 6/8 levels left

rFire    . . .     SeeInvis .   q - +2 spear (freeze)
rCold    . . .     Gourm    .   (no shield)
rNeg     . . .     Faith    .   d - +0 robe
rPois    .         Spirit   .   (no helmet)
rElec    .         Reflect  .   (no cloak)
rCorr    .         Harm     .   (no gloves)
MR       .....                  (no boots)
Stlth    ..........             (no amulet)
HPRegen  0.11/turn              o - ring of attention
MPRegen  0.10/turn              (no ring)

@: mighty, lethally poisoned (-3 -> -10), very slightly contaminated, invisible
A: no striking features
a: no special abilities


You were on level 3 of the Dungeon.
You were not hungry.

You visited 1 branch of the dungeon, and saw 3 of its levels.

You collected 114 gold pieces.

Inventory:

Hand Weapons
 k - a +0 short sword
 q - a +2 spear of freezing (weapon)
Missiles
 e - 88 stones (quivered)
 h - 7 poisoned darts
 j - 15 bolts
Armour
 d - a +0 robe (worn)
 l - a +0 shield
Jewellery
 o - a ring of attention (left hand)
Scrolls
 c - a scroll of teleportation
 i - 2 scrolls of identify
 p - a scroll of fog
Potions
 a - a potion of degeneration
 m - a potion of flight
Comestibles
 f - 3 rations


   Skills:
 + Level 2.5 Fighting
   Level 3.0 Staves
 - Level 1.0 Throwing
 + Level 2.6 Spellcasting
 - Level 2.0 Conjurations
 - Level 2.0 Earth Magic
   Level 1.0 Evocations


You had 6 spell levels left.
You knew the following spells:

 Your Spells              Type           Power        Failure   Level  Hunger
a - Magic Dart            Conj           #...         10%         1    #......
b - Sandblast             Erth           #.....       10%         1    #......

Your spell library contained the following spells:

 Spells                   Type           Power        Failure   Level  Hunger
 Sting                    Tmut/Pois      #...         22%         1    #......
 Stone Arrow              Conj/Erth      #.....       28%         3    ###....
 Blink                    Tloc           N/A          34%         2    ###....
 Call Imp                 Summ           #.......     34%         2    ###....
 Slow                     Hex            #.......     34%         2    ###....
 Conjure Flame            Conj/Fire      #.......     41%         3    ###....
 Mephitic Cloud           Conj/Pois/Air  #.......     45%         3    ###....


Dungeon Overview and Level Annotations

Branches:
Dungeon (3/15)

Altars:


Message History

You feel sick.
It was a potion of cancellation.
Your magical effects are unravelling.
You feel magically purged.
You feel yourself speed up.
* * * LOW HITPOINT WARNING * * *
You feel sick.
It was a potion of invisibility.
You fade into invisibility!
* * * LOW HITPOINT WARNING * * *
You feel sick.
You are very lightly contaminated with residual magic.
It was a potion of might.
You feel very mighty all of a sudden.
* * * LOW HITPOINT WARNING * * *
You feel sick.
It was a potion of magic.
Magic courses through your body.
The orc wizard points at you and mumbles some strange words.
The magic dart hits you!
You die...

**,,,**,*#*.#*..,.#**,*,* *,*
,,,,,**,*..,..#.#..,,,#,* *,*
***,,**,*...,.#...###.#,* *,*
**,*,**,,....,........#.*******,*
*,***,***.o...#.........,,,,,,,,,
,** **,,,.o....o........*********
*,***,*******#.#†#******* *****
**,*,** #.#.# *,,,, *,,,* #.#@#
*,*** **,*,* #.#.# *,* **,*,*
#.#.# *,* >,,*,***** #.#.# *,*
**,,,,,,,* #.#.# *,*
***,***#.#####.#.# *,* ,,*,*
#.........# *,* ,,+,* #######.###
*,*** ,,*** #.# *,*,,


You could see an orc wizard.

Vanquished Creatures
  5 adders
  A worm (D:2)
  A dart slug (D:1)
  3 bats
  A giant cockroach (D:3)
  2 goblins
  6 hobgoblins (D:2)
  3 frilled lizards (D:2)
  4 kobolds
  2 rats (D:2)
28 creatures vanquished.

Notes
Turn   | Place    | Note
-------+----------+-------------------------------------------
     0 | D:1      | MisterFreud the Human Wanderer began the quest for the Orb.
     0 | D:1      | MisterFreud set off with the following items: a +0 club, a
                  | +0 robe, a ration; and the following spells available to
                  | memorise: Magic Dart, Sandblast, Sting, Blink, Call Imp,
                  | Slow, Stone Arrow, Conjure Flame, Mephitic Cloud
     0 | D:1      | Reached XP level 1. HP: 13/13 MP: 2/2
    14 | D:1      | Learned a level 1 spell: Magic Dart
    16 | D:1      | Learned a level 1 spell: Sandblast
    20 | D:1      | Noticed an electric eel
   140 | D:1      | Reached skill level 1 in Fighting
   140 | D:1      | Reached XP level 2. HP: 21/21 MP: 4/4
   481 | D:2      | Reached XP level 3. HP: 8/26 MP: 3/5
  1177 | D:2      | Reached XP level 4. HP: 29/33 MP: 5/7
  1972 | D:3      | Killed from afar by an orc wizard

Levels and vault maps discovered:
D:1:      arrival_aquarium_a, layout_loops_ring
D:2:      layout_loops_ring
D:3:      layout_loops_ring, first_ration, eino_tiny_chamber,
          grunt_ministairs_2, uniq_terence, uniq_natasha

Skill      XL: |  1  2  3 |
---------------+----------+-----
Fighting       | 1 2 |  2.5
Spellcasting   | 2 |  2.6
Staves         | |  3.0
Throwing       | |  1.0
Conjurations   | |  2.0
Earth Magic    | |  2.0
Evocations     | |  1.0

Action                   |  1- 3 |  4- 6 || total
-------------------------+-------+-------++-------
Melee: Club              |     8 |       ||     8
       Short sword       |    52 |    14 ||    66
       Spear             |       |    26 ||    26
Throw: Stone             |       |     1 ||     1
 Cast: Magic Dart        |    14 |     1 ||    15
       Sandblast         |    13 |     3 ||    16
  Use: Scroll            |       |     6 ||     6
       Potion            |       |     4 ||     4
 Stab: Sleeping          |     1 |       ||     1
  Eat: Chunk             |     1 |     3 ||     4
Armor: Robe              |    19 |     3 ||    22
Dodge: Dodged            |    53 |    16 ||    69

Table legend:
 A = Non-vault XP
 B = Vault XP
 C = Vault XP percentage of total XP
 D = Non-vault monster count
 E = Vault monster count
 F = Vault count percentage of total count
                 A         B        C        D         E       F
            +---------+---------+-------+---------+---------+-------
      Total |     110 |       0 |   0.0 |      28 |       0 |   0.0
            +---------+---------+-------+---------+---------+-------
        D:1 |      12 |       0 |   0.0 |       6 |       0 |   0.0
        D:2 |      69 |       0 |   0.0 |      19 |       0 |   0.0
        D:3 |      29 |       0 |   0.0 |       3 |       0 |   0.0
            +---------+---------+-------+---------+---------+-------
